 Dungeon Crawl Stone Soup version 0.16-a0-1970-g0967df0 (webtiles) character file.

145 thegroundistoosoft the Insei (level 5, 0/41 HPs)
             Began as a Mummy Monk on Nov 8, 2014.
             Slain by an iguana (4 damage)
             ... on level 3 of the Dungeon.
             The game lasted 00:18:21 (3601 turns).

thegroundistoosoft the Insei (Mummy Monk)           Turns: 3601, Time: 00:18:21

Health: 0/41       AC:  3    Str: 14    XL:     5   Next: 6%
Magic:  14/14      EV: 13    Int:  9    God:
Gold:   216        SH:  0    Dex: 15    Spells: 0 memorised, 4 levels left

rFire  x . .     SeeInvis .       - Unarmed
rCold  + . .     Clarity  .     (no armour)
rNeg   + + +     SustAb   .     (no shield)
rPois  +         Gourm    .     d - +2 helmet
rElec  .         Spirit   .     (no cloak)
rCorr  .         Warding  .     (no gloves)
rMut   .         Stasis   .     (no boots)
MR     .....                    e - amulet of faith {!P}
Stlth  ++........               (no ring)
                                f - ring of magical power

@: not resistant to hostile enchantments, unstealthy
A: no food or potions, fire vulnerability, restore body, cold resistance 1,
negative energy resistance 3, poison resistance, torment resistance, unbreathing
a: no special abilities


You were on level 3 of the Dungeon.
You were not hungry.

You visited 1 branch of the dungeon, and saw 4 of its levels.

You collected 216 gold pieces.


Innate Abilities, Weirdness & Mutations

You do not eat or drink.
Your flesh is vulnerable to fire.
Your flesh is cold resistant.
You are immune to negative energy.
Your system is resistant to poisons.
You are immune to unholy pain and torment.
You can survive without breathing.


   Skills:
 - Level 3.0 Fighting
 - Level 2.4 Dodging
 - Level 1.5 Stealth
 + Level 5.3 Unarmed Combat


You had 4 spell levels left.
You didn't know any spells.

Inventory:

Armour
 d - a +2 helmet (worn)
Jewellery
 e - an amulet of faith (around neck) {!P}
 f - a ring of magical power (left hand)
Scrolls
 c - a scroll of remove curse
 g - 2 scrolls of immolation {!r}
 k - a scroll of recharging {unknown}
Comestibles
 h - 3 fruits (quivered)
 i - a slice of pizza

Dungeon Overview and Level Annotations

Branches:
Dungeon (4/15)
 Temple: D:4-7

Altars:
Qazlal
Ru
Trog
Xom
The Shining One

Shops:
D:4 =

Annotations:
D:2 Sigmund, Terence
D:3 CLOAKS, 1 exclusion

#................##....##.##.#.
#................##.#####..#..#
#...................# ##..>.#
##...........%..#.### ###.)##.
##.....##.....##.######>......
###########.###.##..........#
##.#...##....#...####.#
#......#...##..........
#.....@l........######.
#......>...###### ##
#......##### # #......#
#...(..# #...#.## #...### ##.##
###


You could see an iguana.


Message History

You hit the iguana.
The iguana is moderately wounded.
The iguana bites you.
You hit the iguana.
The iguana is severely wounded.
The iguana misses you.
You closely miss the iguana.
The iguana is severely wounded.
The iguana bites you!
The iguana hisses menacingly.
You hit the iguana but do no damage.
The iguana is severely wounded.
The iguana bites you!
* * * LOW HITPOINT WARNING * * *
You see here a scale mail.
There is a stone staircase leading up here.
The iguana bites you!
* * * LOW HITPOINT WARNING * * *
You climb upwards.
Level annotation: CLOAKS, 1 exclusion
There is a stone staircase leading down here.
Read which item? (? for menu, Esc to quit)
Okay, then.
Read which item? (? for menu, Esc to quit)
As you read the scroll labeled XOURRY GHEAMY, it crumbles to dust.
It is a scroll of enchant armour.
Enchant which item? (? for menu, Esc to quit)
Your +1 helmet glows green for a moment.
The iguana bites you.
You die...

Action                   |  1- 3 |  4- 6 || total
-------------------------+-------+-------++-------
Melee: Unarmed           |   153 |   102 ||   255
  Use: Scroll            |       |     4 ||     4
 Stab: Sleeping          |     1 |       ||     1

Vault maps used:
D:1:      dpeg_arrival_round_b
D:2:      gammafunk_temple_overflow_elements, first_bread, grunt_ministairs_7,
          uniq_sigmund, uniq_terence, uniq_iyjb
D:3:      nicolae_ru_great_annihilating_truth, trog_wizard,
          uniq_crazy_yiuf_cottage
D:4:      fedhas_bush_and_centaur_altar, nicolae_overflow_crystal_walls,
          minmay_temple_entry_nine_rooms, serial_shops,
          nicolae_shop_window_shopping, kennysheep_mini_moat

Notes
Turn   | Place    | Note
--------------------------------------------------------------
     0 | D:1      | thegroundistoosoft, the Mummy Monk, began the quest for the Orb.
     0 | D:1      | Reached XP level 1. HP: 18/18 MP: 1/1
    10 | D:1      | rip
   385 | D:1      | Reached XP level 2. HP: 21/24 MP: 2/2
   662 | D:1      | Artagel: gecko 50% hp
   670 | D:1      | Artagel: seems legit
  1128 | D:1      | thegroundistoosoft: HA HA
  1148 | D:1      | Artagel: :D
  1148 | D:1      | Artagel: AC
  1148 | D:1      | thegroundistoosoft: excellent
  1275 | D:1      | thegroundistoosoft: !!
  1275 | D:1      | Artagel: 2faithful
  1383 | D:1      | Artagel: protected by the divine
  1407 | D:1      | Reached skill level 4 in Unarmed Combat
  1582 | D:2      | Noticed Terence
  1583 | D:2      | thegroundistoosoft: a ring mail
  1583 | D:2      | thegroundistoosoft: soon
  1603 | D:2      | Artagel: dare ye approach
  1627 | D:2      | Artagel: THE INCAUTIOUS
  1628 | D:2      | thegroundistoosoft: haha nope
  1690 | D:2      | Reached XP level 3. HP: 29/29 MP: 3/3
  1691 | D:2      | flawless victory
  1712 | D:2      | Artagel: :D
  1746 | D:2      | Found a shimmering altar of Xom.
  1746 | D:2      | Found a stormy altar of Qazlal.
  2061 | D:2      | Artagel: another challenger
  2075 | D:2      | Artagel: but the tactics are just superior
  2092 | D:2      | thegroundistoosoft: simply
  2092 | D:2      | thegroundistoosoft: outskilled
  2096 | D:2      | Noticed Sigmund
  2096 | D:2      | Artagel: one does not simply approach the mummy
  2097 | D:2      | Artagel: DREADED
  2097 | D:2      | thegroundistoosoft: well
  2097 | D:2      | Artagel: maximum alert mode
  2097 | D:2      | thegroundistoosoft: no
  2097 | D:2      | thegroundistoosoft: no I believe I will not
  2097 | D:2      | thegroundistoosoft: thank you
  2158 | D:2      | thegroundistoosoft: gotta steal that ratful of exp though
  2181 | D:2      | Artagel: a ring
  2244 | D:2      | Artagel: wow
  2244 | D:2      | Artagel: best ring a+
  2244 | D:2      | thegroundistoosoft: idd
  2436 | D:2      | #rekt
  2438 | D:2      | nope
  2453 | D:2      | Artagel: into the run
  2477 | D:2      | Artagel: or... tactical retreat
  2477 | D:2      | thegroundistoosoft: well
  2477 | D:2      | thegroundistoosoft: the incautious can't be fought in these conditions
  2477 | D:2      | thegroundistoosoft: so we must dive deeper
  2495 | D:3      | Artagel: the third level of the dungeon
  2495 | D:3      | Artagel: 2deep
  2521 | D:3      | Reached XP level 4. HP: 32/35 MP: 4/4
  2684 | D:3      | Found a bloodstained altar of Trog.
  2685 | D:3      | Noticed a wizard
  2686 | D:3      | Artagel: death to the magic wielding scum
  2686 | D:3      | thegroundistoosoft: I'm trying to figure out a way to get his exp
  2686 | D:3      | thegroundistoosoft: I believe it may not be possible
  2686 | D:3      | thegroundistoosoft: rip
  2691 | D:3      | Killed a wizard
  2693 | D:3      | Artagel: throw a fruit
  2693 | D:3      | Artagel: or hm
  2697 | D:3      | Artagel: doesn't do anything
  2698 | D:3      | Artagel: :D
  2699 | D:3      | Artagel: solid defenses by mr trog
  2699 | D:3      | thegroundistoosoft: it can do up to 2 damage!
  2740 | D:3      | Found a sacrificial altar of Ru.
  2742 | D:3      | thegroundistoosoft: what
  2742 | D:3      | thegroundistoosoft: is everyone drunk
  2742 | D:3      | thegroundistoosoft: what is this
  2742 | D:3      | Artagel: yes
  2742 | D:3      | Artagel: they're sacrificing all their power
  2742 | D:3      | Artagel: to the ~ru~
  2742 | D:3      | thegroundistoosoft: blind, hasn't noticed you
  2742 | D:3      | thegroundistoosoft: :D
  2742 | D:3      | thegroundistoosoft: oh wow
  2742 | D:3      | thegroundistoosoft: this is a fuckload of free exp
  2749 | D:3      | Artagel: mute wizard
  2755 | D:3      | Reached skill level 5 in Unarmed Combat
  2757 | D:3      | thegroundistoosoft: HA HA
  2757 | D:3      | Artagel: seems a bit dubious by the wizard
  2766 | D:3      | thegroundistoosoft: from now on I'll hate Ru a bit less
  2880 | D:3      | thegroundistoosoft: cloaks
  2891 | D:3      | Artagel: :D
  2899 | D:3      | Artagel: and the only cost
  2909 | D:3      | Artagel: is killing the man of chaos
  2910 | D:3      | we're not casuals, game
  2921 | D:3      | Artagel: hm
  2984 | D:3      | Artagel: you should loot them though and never use them
  2989 | D:3      | Artagel: getting rnged by wandpickup can be harsh
  2989 | D:3      | Artagel: at least fire wands :D
  2989 | D:3      | thegroundistoosoft: monsters don't pick up things you see anymore iirc
  3021 | D:3      | Artagel: oh yeah that's true
  3148 | D:3      | thegroundistoosoft: let's try
  3148 | D:3      | thegroundistoosoft: ~something new~
  3272 | D:3      | Artagel: dare ye fight with 5 effective skill
  3272 | D:3      | Artagel: 2 adders
  3272 | D:3      | Artagel: halp
  3272 | D:3      | thegroundistoosoft: actually that is a very good point
  3312 | D:3      | Artagel: we obviously need some hp too but our damage output is still a bit...
  3316 | D:3      | Reached XP level 5. HP: 39/41 MP: 5/5
  3317 | D:3      | Artagel: strong. :D
  3373 | D:3      | thegroundistoosoft: fighting gives both though!
  3373 | D:3      | thegroundistoosoft: it's the best of both worlds!
  3414 | D:4      | Artagel: :D
  3414 | D:4      | Artagel: ok we're xl5
  3414 | D:4      | Artagel: and we're facing jackals
  3414 | D:4      | Artagel: this must be winnable
  3414 | D:4      | thegroundistoosoft: only because of the chokepoint
  3414 | D:4      | thegroundistoosoft: :D
  3432 | D:4      | thegroundistoosoft: I'm a bit tempted to /cold yiuf
  3432 | D:4      | thegroundistoosoft: and steal his cape
  3432 | D:4      | thegroundistoosoft: but no
  3432 | D:4      | Artagel: but the conduct
  3432 | D:4      | Artagel: it must be upheld
  3432 | D:4      | thegroundistoosoft: I will not tarnish the glory of hokuto mu ken
  3485 | D:4      | Found a glowing golden altar of the Shining One.
  3504 | D:4      | thegroundistoosoft: sigh
  3558 | D:4      | Found Kaodan's Jewellery Emporium.
  3574 | D:4      | Artagel: !
  3574 | D:4      | thegroundistoosoft: christ
  3574 | D:4      | Artagel: oneshot range achieved
  3578 | D:4      | Artagel: it's a minimum of two hits from us, probably 3
  3585 | D:4      | thegroundistoosoft: yeah
  3585 | D:4      | thegroundistoosoft: 15 dam actually
  3585 | D:4      | thegroundistoosoft: dang
  3598 | D:4      | HP: 3/41 [iguana (12)]
  3600 | D:3      | thegroundistoosoft: 2lucky
  3601 | D:3      | thegroundistoosoft: shit
  3601 | D:3      | Artagel: nope
  3601 | D:3      | Artagel: we're rekt
  3601 | D:3      | Slain by an iguana

Vanquished Creatures
  An orc wizard (D:3)
  A gnoll (D:2)
  3 adders (D:3)
  3 worms (D:2)
  4 giant geckos
  2 giant cockroaches
  9 hobgoblins
  3 jackals (D:4)
  9 kobolds
  10 bats
  4 giant newts
  7 goblins
  8 rats
64 creatures vanquished.

Vanquished Creatures (others)
  A wizard (D:3)
1 creature vanquished.

Grand Total: 65 creatures vanquished
